 Dungeon Crawl Stone Soup version 0.30-a0-3-gc9032a9 (webtiles) character file.

Game seed: 14691982052307134363

475 smazza the Changer (level 7, 0/48 HPs)
             Began as a Merfolk Transmuter on Aug 18, 2022.
             Splashed by a jelly's acid (8 damage)
             ... on level 1 of the Dungeon on Aug 20, 2022.
             The game lasted 00:21:25 (6685 turns).

smazza the Changer (Merfolk Transmuter)             Turns: 6685, Time: 00:21:26

Health: 0/48       AC: -6    Str: 10    XL:     7   Next: 10%
Magic:  10/11      EV: 12    Int: 14    God:
Gold:   246        SH:  0    Dex: 15    Spells: 6/12 levels left

rFire   + . .      SeeInvis .      - Unarmed
rCold   . . .      Faith    .    (no shield)
rNeg    . . .      Spirit   .    a - +0 robe
rPois   .          Reflect  .    (helmet currently unavailable)
rElec   .          Harm     .    (no cloak)
rCorr   .          Rampage  .    (no gloves)
Will    +....                    (boots currently unavailable)
Stlth   +.........               (no amulet)
HPRegen 0.16/turn                e - ring of willpower
MPRegen 0.12/turn                k - ring of protection from fire

@: appendages (expiring), corroded
A: horns 2, (nimble swimmer 2), mertail
a: End Transformation


You were on level 1 of the Dungeon.
You had temporarily grown beastly horns.
You visited 1 branch of the dungeon, and saw 5 of its levels.

You collected 246 gold pieces.

Inventory:

Armour
 a - a +0 robe (worn)
 f - an orb of wrath
Magical Staves
 p - a staff of conjuration
Jewellery
 e - a ring of willpower (left hand)
 k - a ring of protection from fire (right hand)
 t - a ring of fire
Scrolls
 d - 3 scrolls of teleportation
 h - a scroll of blinking {unknown}
 s - a scroll of amnesia
Potions
 b - 4 potions of lignification
 c - a potion of haste {unknown}
 g - a potion of invisibility
 j - a potion of cancellation {unknown}
 l - 2 potions of attraction
 m - a potion of ambrosia
 o - 3 potions of flight
 r - a potion of brilliance {unknown}


   Skills:
 - Level 1.1 Fighting
 - Level 2.6 Dodging
 * Level 5.3 Unarmed Combat
 + Level 3.1 Spellcasting
 * Level 5.8 Transmutations
 * Level 3.7 Poison Magic


You had 6 spell levels left.
You knew the following spells:

 Your Spells              Type           Power      Damage    Failure   Level
a - Beastly Appendage     Tmut           36%        N/A       1%          1
b - Wereblood             Tmut           18%        N/A       3%          2
c - Spider Form           Tmut/Pois      15%        N/A       9%          3

Your spell library contained the following spells:

 Spells                   Type           Power      Damage    Failure   Level
 Shock                    Conj/Air       8%         1d3       22%         1
 Gell's Gravitas          Tloc           2%         N/A       54%         3
 Lesser Beckoning         Tloc           2%         N/A       54%         3
 Summon Guardian Golem    Hex/Summ       2%         N/A       54%         3
 Swiftness                Air            2%         N/A       54%         3
 Teleport Other           Tloc           2%         N/A       54%         3
 Ice Form                 Ice/Tmut       10%        N/A       54%         4
 Alistair's Intoxication  Tmut/Pois      10%        N/A       63%         5
 Airstrike                Air            1%         2d(1-17)  91%         4
 Borgnjor's Vile Clutch   Necr/Erth      1%         N/A       99%         5
 Eringya's Noxious Bog    Tmut/Pois      7%         N/A       99%         6
 Orb of Destruction       Conj           1%         9d5       100%        7
 Spellforged Servitor     Conj/Summ      1%         N/A       100%        7


Dungeon Overview and Level Annotations

Branches:
Dungeon (5/15)             Temple (0/1) D:5

Altars:
Jiyva


Innate Abilities, Weirdness & Mutations

You have temporarily grown beastly horns.
((You are very nimble when in or above water. (Stealth+, EV+, Speed+++)))
Your lower body shifts to a powerful aquatic tail in water.


Message History

Your transformation is almost over.
The jelly misses you.
You hit the jelly.
Your hands burn!
You headbutt the jelly.
The jelly is almost dead.
The jelly barely misses you.
You punch the jelly!
You kill the jelly!
You start resting.
Your horns disappear.
A jelly is nearby!
The jelly quivers.
You see here a +0 club.
You see here a +0 dagger.
Casting: Beastly Appendage (safe; 1% risk of failure)
Press: ? - help, Q - select action, (/) - cycle Dir - look around, f - activate You grow a pair of large bovine horns.
The jelly hits you but does no damage.
You hit the jelly but do no damage. The acid corrodes you!
Your hands burn!
You hit the jelly but do no damage.
Your hands burn!
You headbutt the jelly, but do no damage.
The jelly closely misses you.
You hit the jelly but do no damage.
Your hands burn!
You headbutt the jelly.
The jelly is moderately wounded.
The jelly barely misses you.
You hit the jelly. The acid corrodes you!
Your hands burn!
You headbutt the jelly.
The jelly is heavily wounded.
The jelly misses you.
You hit the jelly.
Your hands burn!
The jelly is severely wounded.
The jelly hits you. The acid corrodes you!
You are splashed with acid!
You hit the jelly but do no damage.
Your hands burn!
* * * LOW HITPOINT WARNING * * *
You punch the jelly.
The jelly is almost dead.
Your transformation is almost over.
The jelly hits you.
* * * LOW HITPOINT WARNING * * *
The acid corrodes you!
You are splashed with acid!
You die...

# #.#...#..JJ#.#.8J........#...
### #.#J..#...J#####...#...#.....
..###)#...#...J ##..##...###...#
#..##J#..J########.J#...#....#...
##....#......JKJJ.J.........[...#
####.###########################
#..........J....##############
#..#.##...####J...............
#..#.........@#.###.#####...##
####..##.....###.............###
#.....#......(######....(.....###
#..####.......# ###.#.........
#.## #.(.....### #.>..###...# ..#
##........## ###### ###.# #.#
#.......#..########## #.. #.#
#.......##..........####### #.#
#.......###########>...# #


You could see a jelly.

Vanquished Creatures
  A scorpion (D:4)
  A necrophage (D:4)
  An orc priest (D:4)
  2 jellies
  An orc wizard (D:4)
  3 gnolls (D:3)
  7 adders
  9 worms
  2 dart slugs
  9 orcs
  10 endoplasms
  6 giant cockroaches
  5 goblins
  5 hobgoblins
  9 jackals
  3 quokkas
  14 ball pythons
  11 bats
  2 frilled lizards
  7 kobolds
  8 rats
116 creatures vanquished.

Notes
Turn   | Place    | Note
-------+----------+-------------------------------------------
     0 | D:1      | smazza the Merfolk Transmuter began the quest for the Orb.
     0 | D:1      | Reached XP level 1. HP: 15/15 MP: 3/3
   169 | D:1      | Found a large runed translucent door.
   169 | D:1      | Found a large runed translucent door.
   171 | D:1      | Noticed a jelly
   176 | D:1      | Reached XP level 2. HP: 20/21 MP: 3/5
   184 | D:1      | Found a viscous altar of Jiyva.
   678 | D:1      | Reached XP level 3. HP: 20/26 MP: 3/6
   704 | D:1      | Learned a level 2 spell: Wereblood
   708 | D:1      | Learned a level 3 spell: Spider Form
  1524 | D:2      | Reached skill level 1 in Poison Magic
  1669 | D:2      | Reached XP level 4. HP: 32/32 MP: 3/7
  3116 | D:3      | Reached XP level 5. HP: 36/37 MP: 2/8
  3868 | D:3      | Found a faded altar of an unknown god.
  4864 | D:4      | Reached XP level 6. HP: 43/43 MP: 1/10
  4959 | D:4      | Reached skill level 5 in Transmutations
  5220 | D:3      | Reached skill level 5 in Unarmed Combat
  5410 | D:3      | Upgraded the game from 0.29-a0-1065-g47a6bb8 to
                  | 0.30-a0-3-gc9032a9
  5981 | D:4      | Reached XP level 7. HP: 46/48 MP: 9/11
  6293 | D:5      | Entered Level 5 of the Dungeon
  6293 | D:5      | Found a staircase to the Ecumenical Temple.
  6685 | D:1      | Splashed by a jelly's acid

Illustrated notes

Levels and vault maps discovered:
D:1:      erik_arrival_cave_to_civilisation [erik_arrival_cave_to_temple],
          layout_rooms
D:2:      layout_loops_ring, nicolae_wormholes
D:3:      layout_rooms, hellmonk_ecumenical_altar_prayer_group,
          kennysheep_generic_room_10
D:4:      layout_basic
D:5:      layout_cave_pools, minmay_temple_entry_grid

Skill      XL: |  1  2  3  4  5  6 |
---------------+-------------------+-----
Transmutations | 3 4 5 |  5.8
Unarmed Combat | 4 5 |  5.3
Poison Magic   | 1 2 3 |  3.7
Spellcasting   | 3 |  3.1
Fighting       | |  1.1
Dodging        | |  2.6

Action                   |  1- 3 |  4- 6 |  7- 9 || total
-------------------------+-------+-------+-------++-------
Melee: Unarmed           |   110 |   224 |    24 ||   358
       Headbutt          |    12 |    22 |     7 ||    41
       Punch             |     4 |     8 |     1 ||    13
 Cast: Beastly Appendage |    21 |    32 |     4 ||    57
       Spider Form       |     1 |     7 |       ||     8
       Wereblood         |     1 |     4 |     1 ||     6
  Use: Scroll            |       |    12 |       ||    12
 Stab: Distracted        |     1 |       |       ||     1
       Sleeping          |       |     3 |       ||     3
Armor: Robe              |    20 |    24 |    20 ||    64
       Skin              |       |     1 |       ||     1
Dodge: Dodged            |    64 |   134 |    43 ||   241

Table legend: (Time is in decaauts)
 A = Elapsed time spent in this place.
 B = Non-inter-level travel time spent in this place.
 C = Inter-level travel time spent in this place.
 D = Time resting spent in this place.
 E = Time spent auto-exploring this place.
 F = Levels seen in this place.
 G = Mean time per level.
                   A        B        C        D        E       F      G
               +--------+--------+--------+--------+--------+-----+--------+
         Total |   6661 |   6205 |    456 |   2208 |   2656 |   5 | 1332.2 |
       Dungeon |   6661 |   6205 |    456 |   2208 |   2656 |   5 | 1332.2 |
               +--------+--------+--------+--------+--------+-----+--------+

Top non-repeatable levels by time:
     D:2: 1731 daAuts
     D:3: 1728 daAuts
     D:1: 1615 daAuts
     D:4: 1550 daAuts
     D:5: 35 daAuts
